 Dungeon Crawl Stone Soup version 0.24.0-41-g2ae2f7f1be (webtiles) character file.

Game seed: 17143920253346203295, levelgen mode: deterministic

372 Delamore the Cleaver (level 6, 0/51 HPs)
             Began as a Hill Orc Fighter on Dec 12, 2019.
             Killed by divine providence
             ... invoked by an orc priest
              (13 damage)
             ... on level 4 of the Dungeon.
             The game lasted 00:03:42 (2870 turns).

Delamore the Cleaver (Hill Orc Fighter)             Turns: 2870, Time: 00:03:43

Health: 0/51       AC:  6    Str: 21    XL:     6   Next: 71%
Magic:  15/15      EV:  7    Int:  8    God:
Gold:   186        SH: 11    Dex: 10    Spells: 5/5 levels left

rFire    . . .     SeeInvis .   y - +3 mace of Dead {protect, *Slow rN+ MR+ MP+9 Stlth+}
rCold    . . .     Gourm    .   c - +0 shield
rNeg     + . .     Faith    .   b - +0 scale mail
rPois    .         Spirit   .   (no helmet)
rElec    .         Reflect  +   (no cloak)
rCorr    .         Harm     .   (no gloves)
MR       +....                  (no boots)
Stlth    ..........             e - +2 amulet of reflection
HPRegen  0.17/turn              g - ring of attention (curse)
MPRegen  0.14/turn              (no ring)

@: slowed, very slow
A: no striking features
a: Convert to Beogh


You were on level 4 of the Dungeon.
You were not hungry.

You visited 1 branch of the dungeon, and saw 4 of its levels.

You collected 186 gold pieces.

Inventory:

Hand Weapons
 a - a +1 war axe
 y - the +3 mace of Dead (weapon) {protect, *Slow rN+ MR+ MP+9 Stlth+}
   (You found it on level 4 of the Dungeon)

   It grants its wielder temporary protection when it strikes (+7 to AC).
   It protects you from negative energy.
   It affects your resistance to hostile enchantments.
   It affects your magic capacity (+9).
   It may slow you when you take damage.
   It makes you more stealthy.
Missiles
 o - 47 poisoned darts (quivered)
Armour
 b - a +0 scale mail (worn)
 c - a +0 shield (worn)
Jewellery
 e - a +2 amulet of reflection (around neck)
 g - a cursed ring of attention (left hand)
Wands
 t - a wand of acid (8)
Scrolls
 h - a scroll of teleportation {unknown}
 i - a scroll of enchant weapon
 j - a scroll of immolation
 k - a scroll of enchant armour {unknown}
 l - a scroll of random uselessness {unknown}
 n - 2 scrolls of remove curse {unknown}
 u - a scroll of identify {unknown}
 v - a scroll of fear
 w - a scroll of blinking {unknown}
Potions
 d - a potion of might
 m - a potion of heal wounds {unknown}
 p - a potion of ambrosia {unknown}
 q - 3 potions of curing {unknown}
 r - 3 potions of haste {unknown}
 s - a potion of brilliance {unknown}
 x - a potion of cancellation {unknown}
 z - a potion of agility {unknown}
 A - a potion of mutation {unknown}
 C - a potion of flight {unknown}
Comestibles
 f - 7 rations
 B - 5 chunks of flesh


   Skills:
 - Level 3.6 Fighting
 + Level 9.1 Axes
 - Level 3.2 Armour
 - Level 3.2 Shields


You had 5 spell levels left.
You didn't know any spells.
Your spell library was empty.

Dungeon Overview and Level Annotations

Branches:
Dungeon (4/15)
 Temple: D:4-7

Altars:
Nemelex Xobeh
Ru


Message History

The adder skeleton barely misses you.
The orc priest invokes the aid of Beogh against you.
Beogh smites you!
* * * LOW HITPOINT WARNING * * *
You block the orc's attack. The adder skeleton bites you.
* * * LOW HITPOINT WARNING * * *
You feel yourself slow down.
The adder skeleton bites you but does no damage.
The adder skeleton bites you but does no damage.
You block the adder skeleton's attack.
The orc priest looks satisfied for a moment.
The adder skeleton bites you.
* * * LOW HITPOINT WARNING * * *
You block the adder skeleton's attack.
The orc priest looks encouraged for a moment.
The orc priest casts a cantrip, but nothing happens.
The orc priest mumbles some strange prayers to Beogh against you.
Beogh smites you!
You die...

#...## ### .... ... .. #.... ..#
##.... ..##. # #...# #.###.##.#
#... .#. #..# #.#..##.####..#
....
#..#########.#.##.##....#....#
###............#.##.##.#....#
....############.##.##.#.#......
.##.### #######.##.##o..#.#.#.#
.##...# .......@Zo.o..o..(# #
.####.# .######....##.#.......
...##.# .### #.....##.###.###.
...##.###...# #.....#... .#
............# #.......... .#
...##.......# ##.#.##....# #
...##......## #.#.###.#.#
###.........# #.#....[..#
#.........####. #..


You could see 2 orc priests, 2 orcs and an adder skeleton.

Vanquished Creatures
  An orc wizard (D:3)
  2 orc priests (D:3)
  2 hounds (D:4)
  Terence (D:3)
  10 adders
  6 worms
  A dart slug (D:3)
  A leopard gecko (D:1)
  7 orcs (D:3)
  12 bats
  5 giant cockroaches
  5 goblins
  8 hobgoblins
  7 jackals
  2 quokkas
  2 ball pythons (D:1)
  7 frilled lizards
  6 kobolds
  5 rats
90 creatures vanquished.

Vanquished Creatures (others)
  A goblin (D:3)
1 creature vanquished.

Grand Total: 91 creatures vanquished

Notes
Turn   | Place    | Note
-------+----------+-------------------------------------------
     0 | D:1      | Delamore the Hill Orc Fighter began the quest for the Orb.
     0 | D:1      | Reached XP level 1. HP: 19/19 MP: 1/1
    24 | D:1      | Reached skill level 3 in Axes
    96 | D:1      | Reached XP level 2. HP: 21/26 MP: 2/2
   167 | D:1      | Reached skill level 4 in Axes
   705 | D:1      | Reached XP level 3. HP: 31/31 MP: 3/3
   828 | D:2      | Reached skill level 5 in Axes
   895 | D:2      | Reached XP level 4. HP: 13/39 MP: 4/4
  1274 | D:2      | Reached skill level 6 in Axes
  1654 | D:3      | Reached XP level 5. HP: 26/45 MP: 5/5
  1818 | D:3      | Noticed Terence
  1827 | D:3      | Killed Terence
  1827 | D:3      | Reached skill level 7 in Axes
  2314 | D:3      | Found a sparkling altar of Nemelex Xobeh.
  2395 | D:3      | Found a sacrificial altar of Ru.
  2520 | D:3      | Reached skill level 8 in Axes
  2520 | D:3      | Reached XP level 6. HP: 48/51 MP: 6/6
  2723 | D:4      | Got a transparent mace
  2724 | D:4      | Identified the +3 mace of Dead {protect, *Slow rN+ MR+ MP+9
                  | Stlth+} (You found it on level 4 of the Dungeon)
  2803 | D:4      | Reached skill level 9 in Axes
  2870 | D:4      | Killed from afar by an orc priest

Levels and vault maps discovered:
D:1:      lemuel_arrival_behind_the_door_large, layout_loops_corners,
          chequers_serial_rivers_marsh, hangedman_abyss_or_decor_stabs
D:2:      layout_rooms, serial_glass, glass_columns_b, glass_columns_a,
          glass_columns_b, glass_columns_a, glass_columns_c, glass_columns_a,
          due_unseen_surprise, item_on_display_a, feat_on_display,
          minmay_strange_pillars
D:3:      layout_rooms, nicolae_ru_path_of_blood, nemelex_altar_shiori,
          uniq_terence
D:4:      layout_loops_ring, minmay_temple_entry_ruins, first_ration

Skill      XL: |  1  2  3  4  5  6 |
---------------+-------------------+-----
Axes           | 3 4 5 6 8 9 |  9.1
Fighting       | |  3.6
Armour         | |  3.2
Shields        | |  3.2

Action                   |  1- 3 |  4- 6 || total
-------------------------+-------+-------++-------
Melee: War axe           |   111 |   150 ||   261
       Mace              |       |    34 ||    34
  Use: Scroll            |       |     3 ||     3
  Eat: Chunk             |       |     7 ||     7
Armor: Scale mail        |    40 |   105 ||   145
Dodge: Dodged            |    30 |    71 ||   101
Block: Shield            |    70 |   160 ||   230
       Reflection        |     2 |     7 ||     9
